AoeStats
← O grande

Arabia

510174247Analyzed
1v1 RM · 1d ago on Sep 29, 2026· 48m 30s· 2 players
Game mode
Random Map
Map size
Tiny (2 player)
Population
200
Speed
Normal
Resources
Standard
Victory
Conquest
Starting age
Dark Age
Ending age
Imperial Age
RankedLock teamsTeams togetherTeam positionsShared explorationLock speedFull tech treeHidden civsTurbo modeCheats
Victory
Defeat
🇧🇷 Chinese · Brazil
2132
+11
🇹🇷 Berbers · Türkiye
2020
-11
Maverick_Taha
6:36 Loom
8:45 Feudal Age
9:19 Double-Bit Axe
15:52 Horse Collar
20:08 Castle Age
18:26 Gold Mining
18:54 Scale Barding Armor
19:22 Bloodlines
20:02 Forging
21:09 Bow Saw
21:58 Wheelbarrow
23:06 Chain Barding Armor
23:20 Husbandry
30:16 Heavy Plow
32:24 Stone Mining
33:15 Hand Cart
32:44 Light Cavalry
38:20 Imperial Age
36:42 Stone Shaft Mining
36:43 Gold Shaft Mining
36:49 Fletching
39:03 Bodkin Arrow
39:30 Ballistics
40:10 Chemistry
39:52 Conscription
40:13 Plate Barding Armor
38:59 Hussar
40:14 Bracer
43:18 Iron Casting
44:17 Thumb Ring
O grande
0:25 Loom
9:01 Feudal Age
10:18 Town Watch
13:06 Double-Bit Axe
19:48 Castle Age
18:41 Fletching
18:42 Gold Mining
19:00 Horse Collar
20:41 Bow Saw
21:23 Husbandry
21:20 Bodkin Arrow
22:02 Husbandry
25:05 Padded Archer Armor
27:41 Bloodlines
29:00 Wheelbarrow
32:38 Ballistics
35:02 Imperial Age
33:30 Heavy Plow
34:06 Gold Shaft Mining
33:26 Stone Mining
33:43 Squires
34:16 Scale Mail Armor
34:29 Arson
36:01 Chain Mail Armor
35:18 Elite Fire Lancer
36:35 Forging
40:15 Plate Mail Armor
42:48 Iron Casting
44:13 Conscription
43:26 Elite Skirmisher
46:52 Blast Furnace
47:21 Leather Archer Armor
47:15 Bracer
48:50 Ring Archer Armor
49:52 Chemistry
Connection lost

Rejoining the realm…

Still unreachable

The connection could not be restored.

Session expired

The server has moved on; the page needs a fresh start.